 Dungeon Crawl Stone Soup version 0.20-a0-16-g0876c8e (webtiles) character file.

1988 Naow the Cleaver (level 9, -1/82 HPs)
             Began as a Minotaur Berserker on Nov 4, 2016.
             Was a Priest of Trog.
             Slain by an orc warrior
             ... wielding a +0 war axe
              (14 damage)
             ... on level 6 of the Dungeon.
             The game lasted 00:09:33 (3925 turns).

Naow the Cleaver (Minotaur Berserker)               Turns: 3925, Time: 00:09:33

Health: -1/82      AC:  9    Str: 22    XL:     9   Next: 1%
Magic:  0/8        EV:  3    Int:  7    God:    Trog [***...]
Gold:   258        SH: 11    Dex: 10    Spells: 0 memorised, 8 levels left

rFire  . . .     SeeInvis .     a - +0 hand axe
rCold  . . .     Gourm    .     i - +0 scale mail
rNeg   . . .     Faith    .     q - +0 large shield
rPois  .         Spirit   +     (helmet restricted)
rElec  .         Reflect  .     w - +1 cloak
rCorr  .         Harm     .     (no gloves)
MR     ++...                    s - +0 pair of boots
Stlth  ..........               z - amulet of guardian spirit
                                k - +1 ring of evasion
                                F - -3 ring of evasion (curse)

@: exhausted, very slightly contaminated, regenerating, invisible
A: retaliatory headbutt, horns 2
a: Berserk, Trog's Hand, Burn Spellbooks, Renounce Religion


You were on level 6 of the Dungeon.
You worshipped Trog.
Trog was most pleased with you.
You were very hungry.

You visited 2 branches of the dungeon, and saw 7 of its levels.

You collected 258 gold pieces.

Inventory:

Hand Weapons
 a - a +0 hand axe (weapon)
Armour
 i - a +0 scale mail (worn)
 q - a +0 large shield (worn)
 s - a +0 pair of boots (worn)
 w - a +1 cloak (worn)
Jewellery
 k - a +1 ring of evasion (right hand)
 z - an amulet of guardian spirit (around neck)
 A - an uncursed ring of protection from fire
 F - a cursed -3 ring of evasion (left hand)
Wands
 d - a wand of paralysis (13/24)
 u - a wand of iceblast (8/15)
 x - a wand of paralysis (18/24)
Scrolls
 b - a scroll of immolation {unknown}
 h - a scroll of enchant weapon {unknown}
 j - a scroll of random uselessness {unknown}
 l - 2 scrolls of amnesia {unknown}
 m - 4 scrolls of identify {unknown}
 o - a scroll of recharging {unknown}
 p - a scroll of blinking {unknown}
 t - a scroll of teleportation {unknown}
 v - 2 scrolls of remove curse {unknown}
 y - 2 scrolls of noise {unknown}
 B - 2 scrolls of enchant armour {unknown}
Potions
 e - a potion of agility {unknown}
 n - a potion of invisibility
 r - a potion of heal wounds {unknown}
 D - a potion of cure mutation {unknown}
 G - a potion of ambrosia {unknown}
Comestibles
 c - 5 bread rations
 f - a beef jerky
 g - 2 meat rations
 C - a slice of pizza
 E - 2 chunks of flesh


   Skills:
 + Level 8.7 Fighting
 * Level 11.9 Axes
 - Level 2.4 Armour
 - Level 2.1 Dodging


You had 8 spell levels left.
You didn't know any spells.

Dungeon Overview and Level Annotations

Branches:
Dungeon (6/15)             Temple (1/1) D:5

Altars:
Ashenzari
Elyvilon
Fedhas
Makhleb
Nemelex Xobeh
Okawaru
Ru
Trog


Innate Abilities, Weirdness & Mutations

You reflexively headbutt those who attack you in melee.
You have a pair of horns on your head.


Message History

The orc warrior is heavily wounded.
The orc warrior hits you with a war axe.
* * * LOW HITPOINT WARNING * * *
Your skin crawls.
You feel resistant to hostile enchantments.
You are feeling very hungry.
You hit the orc warrior but do no damage.
The orc warrior is heavily wounded.
The orc warrior hits you with a war axe!
* * * LOW HITPOINT WARNING * * *
It was a potion of invisibility.
You fade into invisibility!
The orc warrior barely misses you. You furiously retaliate!
You headbutt the orc warrior!
You are very lightly contaminated with residual magic.
You hit the orc warrior but do no damage.
You headbutt the orc warrior.
The orc warrior is almost dead.
The orc warrior hits you with a war axe!
You die...

....#####...# ##..##
....#..##...# #.... .
....#.......# #.... ..
....#..##..## #...# ...
...##..##...# ...##[.
...##..##...#####....
...........##..##).#
.......##..##..##))########
.......##..##..#@o.##.....##
.......#.......#...........#
.......#.......#...........#
.############.#######.##..##
#############'###.######..#
.................#.......#
.................#.......#
######..###'###.###+###..#
#..######..###+###.####)##


You could see an orc warrior.

Vanquished Creatures
  Pikel (D:4)
  Eustachio (D:4)
  Menkaure (D:4)
  The ghost of drd the Covert, an amateur OpAs (D:3)
  An ice beast (D:5)
  2 ogres
  A centaur (D:5)
  A howler monkey (D:5)
  A centaur zombie (D:3)
  3 hounds
  A jelly (D:6)
  A centaur skeleton (D:6)
  3 orc priests
  4 orc wizards
  Crazy Yiuf (D:4)
  Terence (D:3)
  A hound skeleton (D:6)
  11 gnolls
  6 adders
  An ooze (D:1)
  3 worms
  3 dart slugs
  2 leopard geckos (D:3)
  22 orcs
  3 giant cockroaches
  11 goblins
  6 hobgoblins
  2 quokkas
  A ball python (D:3)
  6 bats
  6 frilled lizards
  9 kobolds
  2 rats
119 creatures vanquished.

Vanquished Creatures (others)
  A crimson imp (D:5)
  A worm (D:4)
  3 rats (D:4)
5 creatures vanquished.

Grand Total: 124 creatures vanquished

Notes
Turn   | Place    | Note
-------+----------+-------------------------------------------
     0 | D:1      | Naow the Minotaur Berserker began the quest for the Orb.
     0 | D:1      | Reached XP level 1. HP: 19/19 MP: 0/0
    88 | D:1      | Reached skill level 4 in Axes
   154 | D:1      | Reached XP level 2. HP: 27/27 MP: 1/1
   477 | D:2      | Reached XP level 3. HP: 33/33 MP: 2/2
   479 | D:2      | Reached skill level 5 in Axes
   489 | D:2      | Reached XP level 4. HP: 41/41 MP: 3/3
   756 | D:2      | Reached ** piety under Trog
   769 | D:2      | Found a burning altar of Makhleb.
   769 | D:2      | Noticed a balrug
   772 | D:2      | Noticed a ynoxinul
   772 | D:2      | Noticed a hellwing
   912 | D:2      | Found a sparkling altar of Nemelex Xobeh.
   967 | D:3      | Reached skill level 6 in Axes
   967 | D:3      | Reached XP level 5. HP: 47/47 MP: 4/4
   970 | D:3      | Reached skill level 5 in Fighting
  1098 | D:3      | Noticed drd's ghost (amateur OpAs)
  1121 | D:3      | Killed drd's ghost
  1121 | D:3      | Reached skill level 7 in Axes
  1121 | D:3      | Reached XP level 6. HP: 53/56 MP: 5/5
  1435 | D:3      | Noticed Terence
  1445 | D:3      | Killed Terence
  1614 | D:3      | Reached *** piety under Trog
  1614 | D:3      | Reached skill level 8 in Axes
  1664 | D:4      | Found a white marble altar of Elyvilon.
  1684 | D:4      | Reached XP level 7. HP: 63/63 MP: 2/6
  1712 | D:4      | Got a twisted robe
  1723 | D:4      | Identified the +0 robe of the Ancient Ghosts {rF+ MR+} (You found it on level 4 of the Dungeon)
  1972 | D:4      | Found an iron altar of Okawaru.
  1997 | D:4      | Found a sacrificial altar of Ru.
  2007 | D:4      | Noticed Menkaure
  2018 | D:4      | Killed Menkaure
  2029 | D:4      | Noticed Eustachio
  2068 | D:4      | Killed Eustachio
  2068 | D:4      | Reached skill level 9 in Axes
  2336 | D:4      | Found a shattered altar of Ashenzari.
  2361 | D:4      | Found a runed door.
  2501 | D:4      | Noticed a moth of wrath
  2502 | D:4      | Noticed Pikel
  2517 | D:4      | Killed Pikel
  2517 | D:4      | Reached skill level 10 in Axes
  2517 | D:4      | Reached XP level 8. HP: 74/74 MP: 7/7
  2572 | D:4      | Found a bloodstained altar of Trog.
  2606 | D:4      | Found a blossoming altar of Fedhas.
  2753 | D:4      | Noticed Crazy Yiuf
  2757 | D:4      | Killed Crazy Yiuf
  2946 | D:5      | Entered Level 5 of the Dungeon
  3136 | D:5      | Reached skill level 11 in Axes
  3650 | D:5      | Found a staircase to the Ecumenical Temple.
  3657 | Temple   | Entered the Ecumenical Temple
  3903 | D:6      | Reached XP level 9. HP: 54/82 MP: 8/8
  3925 | D:6      | Slain by an orc warrior

Vault maps used:
D:1:      eino_arrival_tree_alley, serial_curves, eino_curves_02, eino_curves_03
D:2:      makhleb_altar_promises_db, nicolae_overflow_hidden_temple
D:3:      first_bread, minmay_misc_feat_secret_circle, guppyfry_early_orc_mine,
          uniq_terence
D:4:      tgw_trog, lemuel_round_altar, okawaru_metal_pillars_1_2,
          kennysheep_mini_moat, kennysheep_mini, overflow_temple_1_default,
          uniq_pikel, uniq_menkaure, uniq_crazy_yiuf_cottage, uniq_eustachio
D:5:      lemuel_ice_spiral_2
D:6:      tgw_kikubaaqudgha
Temple:   cyrus_temple_forest

Skill      XL: |  1  2  3  4  5  6  7  8 |
---------------+-------------------------+-----
Axes           | 4 5 6 7 8 10 11 | 11.9
Fighting       | 4 5 6 7 8 |  8.7
Armour         | |  2.4
Dodging        | |  2.1

Action                   |  1- 3 |  4- 6 |  7- 9 || total
-------------------------+-------+-------+-------++-------
Melee: Hand axe          |    45 |   152 |   144 ||   341
       Headbutt          |    10 |    26 |    31 ||    67
Invok: Berserk           |     1 |     4 |     5 ||    10
       Trog's Hand       |       |     1 |     2 ||     3
  Use: Potion            |       |       |     1 ||     1
  Eat: Chunk             |       |     7 |     7 ||    14
       Meat ration       |       |       |     1 ||     1
Armor: Ring mail         |    23 |    42 |     5 ||    70
       Scale mail        |       |       |    38 ||    38
Dodge: Dodged            |    31 |    40 |    30 ||   101
Block: Large shield      |       |    88 |    80 ||   168
